 Dungeon Crawl Stone Soup version 0.29-a0-925-g0a7a3d12f8 (webtiles) character file.

Game seed: 1686518725091339317

172 kae the Insei (level 5, -11/42 HPs)
             Began as a Demonspawn Monk on July 28, 2022.
             Mangled by a black bear (12 damage)
             ... on level 3 of the Dungeon.
             The game lasted 00:02:59 (4752 turns).

kae the Insei (Demonspawn Monk)                     Turns: 4752, Time: 00:02:59

Health: -11/42     AC:  4    Str: 11    XL:     5   Next: 27%
Magic:  0/5        EV: 13    Int: 11    God:
Gold:   124        SH:  0    Dex: 18    Spells: 4/4 levels left

rFire   . . .      SeeInvis .     - Unarmed
rCold   . . .      Faith    .   (no shield)
rNeg    . . .      Spirit   +   a - +0 robe
rPois   .          Reflect  .   (no helmet)
rElec   .          Harm     .   (no cloak)
rCorr   .          Rampage  .   (no gloves)
Will    .....                   (no boots)
Stlth   ++........              (no amulet)
HPRegen 0.14/turn               (no ring)
MPRegen 0.18/turn               (no ring)

@: no status effects
A: yellow scales 1, magic shield, magic regeneration
a: no special abilities


You were on level 3 of the Dungeon.
You visited 1 branch of the dungeon, and saw 4 of its levels.

You collected 124 gold pieces.


Innate Abilities, Weirdness & Mutations

You are partially covered in yellow scales. (AC +2)
When hurt, damage is shared between your health and your magic reserves.
You regenerate magic rapidly.


   Skills:
 + Level 4.1 Fighting
 - Level 2.6 Dodging
 - Level 1.7 Stealth
 * Level 4.7 Unarmed Combat


You had 4 spell levels left.
You didn't know any spells.
Your spell library was empty.

Inventory:

Missiles
 f - 6 poisoned darts (quivered)
 h - 65 stones
 j - 2 javelins
Armour
 a - a +0 robe (worn)
Scrolls
 c - a scroll of fear
 g - a scroll of poison {!r}
 n - a scroll of enchant weapon
Potions
 e - 2 potions of flight
 i - a potion of might
 k - a potion of resistance
 l - a potion of mutation {!q}
 m - a potion of brilliance

Dungeon Overview and Level Annotations

Branches:
Dungeon (4/15) Zot: 19268
 Temple: D:4-7

Altars:
Ashenzari
Kikubaaqudgha
Wu Jian

Shops:
D:2

( #.#.......#####.##.P.PPPPP.P.#
.#.........#....##...........#
.#⌠.#.'#..⌠#...####.#####.#.##
.##.#...###....###..#####.#.#####
....#...#..............##........
##..#...#..#####.#####.####......
##.#####.## #.# #.# ####.##
#.......# #.# #.# #.# #.###...#
#@# #.# #.## #.# #...# #h# #.#
#... #.# #.########.#####.#####
#..# #.###.####......>........#
#..# #..........###.#####.###.#
#..# #####.###..# #.# #.# #.#
#..) #.# #..# #.# #.# #.# ##.#
#.# #..# #.# #.###.####.# #.#
#..###<# #..........#


You could see a black bear (berserk).


Message History

You lost 1 mp, and now have 1/5 mp.
You are confused.
You feel invigorated. The black bear closely misses you.
The black bear claws you but does no damage.
The black bear closely misses you. 😨 HP[+4] MP[+4]
You regained 4 hp, and now have 19/42 hp.
Your mp is fully restored (5).
You hit the black bear but do no damage.
The black bear bites you.
* * * LOW HITPOINT WARNING * * *
The black bear claws you.
* * * LOW HITPOINT WARNING * * *
The black bear closely misses you. 😨 MP[-1]
You lost 1 mp, and now have 4/5 mp.
You hit the black bear. The black bear barely misses you. x2
The black bear claws you but does no damage. 😮 HP[+4] MP[+1]
You regained 4 hp, and now have 23/42 hp.
Your mp is fully restored (5).
You closely miss the black bear. You punch the black bear.
You feel less invigorated.
You feel less confused.
The black bear bites you but does no damage.
The black bear claws you but does no damage. x2 😮 HP[+4]
You regained 4 hp, and now have 27/42 hp.
You barely miss the black bear. The black bear misses you.
The black bear closely misses you. The black bear misses you.
You hit the black bear. The black bear bites you!
* * * LOW HITPOINT WARNING * * *
The black bear claws you but does no damage.
The black bear barely misses you. 😨 HP[-7] MP[-1]
You take 7 damage, and now have 20/42 hp.
You lost 1 mp, and now have 4/5 mp.
You barely miss the black bear.
The black bear bites you but does no damage.
The black bear claws you but does no damage. x2
You hit the black bear but do no damage. 😨 MP[+1]
Your mp is fully restored (5).
You hit the black bear. The black bear bites you.
* * * LOW HITPOINT WARNING * * *
The black bear closely misses you. The black bear claws you.
* * * LOW HITPOINT WARNING * * *
😨 HP[-4] MP[-1]
You take 4 damage, and now have 16/42 hp.
You lost 1 mp, and now have 4/5 mp.
You hit the black bear.
The black bear goes berserk! 😨 HP[+1]
You barely miss the black bear. The black bear bites you!
* * * LOW HITPOINT WARNING * * *
The black bear claws you but does no damage.
The black bear closely misses you. The black bear bites you.
* * * LOW HITPOINT WARNING * * *
The black bear claws you but does no damage.
The black bear claws you.
* * * LOW HITPOINT WARNING * * *
😱 HP[-14] MP[-3]
You take 14 damage, and now have 3/42 hp.
MASSIVE DAMAGE!! (PAUSE)
You lost 3 mp, and now have 1/5 mp.
You barely miss the black bear. The black bear barely misses you.
The black bear misses you.
The black bear claws you but does no damage.
You feel better.
The black bear bites you but does no damage.
The black bear claws you.
* * * LOW HITPOINT WARNING * * *
The black bear claws you but does no damage. 😱 HP[+3]
You regained 3 hp, and now have 6/42 hp.
You feel better. The black bear bites you!
* * * LOW HITPOINT WARNING * * *
The black bear claws you but does no damage.
The black bear claws you.
* * * LOW HITPOINT WARNING * * *
The black bear bites you but does no damage.
The black bear claws you.
* * * LOW HITPOINT WARNING * * *
The black bear closely misses you. 😱 HP[-4] MP[-1]
You take 4 damage, and now have 2/42 hp.
You lost 1 mp, and now have 0/5 mp.
You hit the black bear but do no damage.
The black bear barely misses you.
The black bear closely misses you. x2 😱 MP[+1]
You punch the black bear! The black bear closely misses you.
The black bear barely misses you. The black bear completely misses you.
The black bear bites you but does no damage.
The black bear misses you. The black bear claws you.
* * * LOW HITPOINT WARNING * * *
😱 HP[-1] MP[-1]
You take 1 damage, and now have 1/42 hp.
You lost 1 mp, and now have 0/5 mp.
You barely miss the black bear. The black bear bites you!
You die...

Skill      XL: |  1  2  3  4 |
---------------+-------------+-----
Unarmed Combat | 3 4 |  4.7
Fighting       | 4 |  4.1
Dodging        | |  2.6
Stealth        | |  1.7

Action                   |  1- 3 |  4- 6 || total
-------------------------+-------+-------++-------
Melee: Unarmed           |   235 |   134 ||   369
       Punch             |     5 |     3 ||     8
  Use: Scroll            |     7 |     6 ||    13
       Potion            |       |     5 ||     5
 Stab: Sleeping          |     4 |     1 ||     5
Armor: Robe              |    47 |    48 ||    95
Dodge: Dodged            |   164 |   104 ||   268

Levels and vault maps discovered:
D:1:      amcnicky_arrival_double_pillar, layout_loops_ring,
          ebering_ecumenical_altar_petrified, lexackson_kobold_supper
D:2:      layout_loops_cross, serial_shops, shop_statue
D:3:      layout_loops_ring, overflow_temple_1_default,
          mainiacjoe_overflow_cross_hatched, evilmike_ruin_ashenzari,
          minmay_pentangle
D:4:      layout_basic, nicolae_overflow_crystal_walls,
          nicolae_qazlal_eye_of_the_storm, kennysheep_okawaru_gauntlet,
          lightli_ossuary_entry_decrepit_ruins, minivault_1,
          nicolae_eternal_life

Notes
Turn   | Place    | Note
-------+----------+-------------------------------------------
     0 | D:1      | kae the Demonspawn Monk began the quest for the Orb.
     0 | D:1      | Reached XP level 1. HP: 18/18 MP: 1/1
     0 | D:1      | magus.rc [v1.11.3]
   174 | D:1      | Reached skill level 3 in Unarmed Combat
   308 | D:1      | Gained mutation: You regenerate magic rapidly. [demonic
                  | ancestry]
   308 | D:1      | Reached XP level 2. HP: 24/24 MP: 2/2
   631 | D:1      | Found a faded altar of an unknown god.
   726 | D:1      | HP: 6/24 [goblin/+0 club (2)]
  1114 | D:1      | Gained mutation: When hurt, damage is shared between your
                  | health and your magic reserves. [demonic ancestry]
  1114 | D:1      | Reached XP level 3. HP: 28/29 MP: 3/3
  2484 | D:2      | Found Gyithrae's Antique Weapon Shoppe.
  2884 | D:3      | Found an ancient bone altar of Kikubaaqudgha.
  3036 | D:3      | Reached skill level 4 in Unarmed Combat
  3124 | D:2      | Gained mutation: You are partially covered in yellow
                  | scales. (AC +2) [demonic ancestry]
  3124 | D:2      | Reached XP level 4. HP: 18/37 MP: 4/4
  3797 | D:3      | Reached skill level 4 in Fighting
  3968 | D:3      | Reached XP level 5. HP: 17/42 MP: 2/5
  4162 | D:3      | Found an ornate altar of the Wu Jian Council.
  4297 | D:3      | Found a broken altar of Ashenzari.
  4639 | D:4      | Noticed a black bear
  4639 | D:4      | Noticed an ogre
  4732 | D:3      | HP: 10/42 [black bear (2)]
  4746 | D:3      | HP: 7/42 [black bear (10)]
  4746 | D:3      | HP: 3/42 [black bear (3)]
  4751 | D:3      | HP: 1/42 [black bear (1)]
  4752 | D:3      | Mangled by a black bear

Vanquished Creatures
  An orc priest (D:3)
  An orc wizard (D:3)
  2 adders
  A worm (D:2)
  A dart slug (D:1)
  5 orcs
  8 ball pythons
  5 bats
  7 endoplasms
  4 giant cockroaches
  13 goblins
  8 hobgoblins
  5 jackals
  5 quokkas
  4 frilled lizards
  8 kobolds
  6 rats
84 creatures vanquished.

Vanquished Creatures (others)
  16 plants (D:1)
16 creatures vanquished.

Grand Total: 100 creatures vanquished

Table legend:
 A = Non-vault XP
 B = Vault XP
 C = Vault XP percentage of total XP
 D = Non-vault monster count
 E = Vault monster count
 F = Vault count percentage of total count
                 A         B        C        D         E       F
            +---------+---------+-------+---------+---------+-------
      Total |     205 |      41 |  16.7 |      66 |      18 |  21.4
            +---------+---------+-------+---------+---------+-------
        D:1 |      43 |      11 |  20.4 |      24 |       8 |  25.0
        D:2 |      49 |       0 |   0.0 |      21 |       0 |   0.0
        D:3 |     107 |      30 |  21.9 |      18 |      10 |  35.7
        D:4 |       6 |       0 |   0.0 |       3 |       0 |   0.0
            +---------+---------+-------+---------+---------+-------

Illustrated notes

Table legend:
 A = Kills in this place as a percentage of kills in entire the game.
 B = Kills by you in this place as a percentage of kills by you in the entire game.
 C = Kills by friends in this place as a percentage of kills by friends in the entire game.
 D = Other kills in this place as a percentage of other kills in the entire game.
 E = Experience gained in this place as a percentage of experience gained in the entire game.
 F = Experience gained in this place divided by the number of levels of this place that you have seen.
                   A       B       C       D       E      F
               +-------+-------+-------+-------+-------+----------------------
         Total | 100.0 | 100.0 |   N/A |   N/A | 100.0 |  61.5
       Dungeon | 100.0 | 100.0 |   N/A |   N/A | 100.0 |  61.5
               +-------+-------+-------+-------+-------+----------------------

Table legend: (Time is in decaauts)
 A = Elapsed time spent in this place.
 B = Non-inter-level travel time spent in this place.
 C = Inter-level travel time spent in this place.
 D = Time resting spent in this place.
 E = Time spent auto-exploring this place.
 F = Levels seen in this place.
 G = Mean time per level.
                   A        B        C        D        E       F      G
               +--------+--------+--------+--------+--------+-----+--------+
         Total |   4730 |   4598 |    132 |    883 |   3029 |   4 | 1182.5 |
       Dungeon |   4730 |   4598 |    132 |    883 |   3029 |   4 | 1182.5 |
               +--------+--------+--------+--------+--------+-----+--------+

Top non-repeatable levels by time:
     D:1: 1712 daAuts
     D:2: 1551 daAuts
     D:3: 1391 daAuts
     D:4: 75 daAuts
